 Dungeon Crawl Stone Soup version 0.20-a0-1124-g2e29d97 (webtiles) character file.

21 Hook the Insei (level 2, 0/21 HPs)
             Began as a Demonspawn Transmuter on May 15, 2017.
             Slain by a giant cockroach (1 damage)
             ... on level 1 of the Dungeon.
             The game lasted 00:01:51 (447 turns).

Hook the Insei (Demonspawn Transmuter)               Turns: 447, Time: 00:01:52

Health: 0/21       AC:  2    Str: 10    XL:     2   Next: 65%
Magic:  5/5        EV: 12    Int: 14    God:
Gold:   40         SH:  0    Dex: 13    Spells: 4/5 levels left

rFire    . . .     SeeInvis .   l - +0 dagger
rCold    + . .     Gourm    .   (no shield)
rNeg     . . .     Faith    .   b - +0 robe
rPois    .         Spirit   .   (no helmet)
rElec    .         Reflect  .   (no cloak)
rCorr    .         Harm     .   (no gloves)
MR       .....                  (no boots)
Stlth    +.........             (no amulet)
Regen    0.1/turn               (no ring)
MPRegen  0.1/turn               (no ring)

@: no status effects
A: cold resistance 1
a: no special abilities


You were on level 1 of the Dungeon.
You were not hungry.

You visited 1 branch of the dungeon, and saw 1 of its levels.

You collected 40 gold pieces.

Inventory:

Hand Weapons
 l - a +0 dagger (weapon)
Missiles
 a - 12 arrows
 g - 2 javelins (quivered)
Armour
 b - a +0 robe (worn)
Jewellery
 f - an uncursed ring of stealth {unknown}
Scrolls
 h - a scroll of teleportation {unknown}
 k - 2 scrolls of remove curse {unknown}
 n - 3 scrolls of identify {unknown}
Potions
 e - 3 potions of curing {unknown}
 i - a potion of flight {unknown}
 m - a potion of agility {unknown}
Books
 c - a book of Changes

   Spells                             Type                      Level
   a - Beastly Appendage              Transmutation                1
   b - Sticks to Snakes               Transmutation                2
   c - Spider Form                    Transmutation/Poison         3
   d - Ice Form                       Ice/Transmutation            4
   e - Blade Hands                    Transmutation                5
Comestibles
 d - a bread ration
 j - a royal jelly


   Skills:
 * Level 1.5 Fighting
 + Level 0.0 Short Blades
 * Level 2.2 Dodging
 - Level 2.6 Unarmed Combat
 * Level 2.2 Spellcasting
 + Level 2.0 Transmutations


You had 4 spell levels left.
You knew the following spells:

 Your Spells              Type           Power        Failure   Level  Hunger
a - Beastly Appendage     Tmut           #.....       10%         1    #......


Dungeon Overview and Level Annotations

Branches:
Dungeon (1/15)

Altars:


Innate Abilities, Weirdness & Mutations

Your flesh is cold resistant. (rC+)


Message History

You hit the giant cockroach but do no damage.
The giant cockroach is moderately wounded.
The giant cockroach bites you.
* * * LOW HITPOINT WARNING * * *
You hit the giant cockroach but do no damage.
Your kick misses the giant cockroach.
The giant cockroach is moderately wounded.
Your talons disappear.
The giant cockroach barely misses you.
You barely miss the giant cockroach.
The giant cockroach is moderately wounded.
The giant cockroach bites you but does no damage.
You hit the giant cockroach but do no damage.
The giant cockroach is moderately wounded.
The giant cockroach bites you.
* * * LOW HITPOINT WARNING * * *
You hit the giant cockroach but do no damage.
The giant cockroach is moderately wounded.
The giant cockroach closely misses you. The giant cockroach bites you.
You die...

#....# #.##.#
#....## #.##.#
#.....# #.##.#
#...#.# #.##.#
#####.###.##.#
#..##.##.#
##.##.# #..#.#
##.#@# #..s#
##..# #..#
#..# ....
..... ###.###
>#


You could see a giant cockroach.

Vanquished Creatures
  An ooze (D:1)
  A dart slug (D:1)
  A bat (D:1)
  A giant cockroach (D:1)
  4 goblins (D:1)
  2 hobgoblins (D:1)
  A kobold (D:1)
  2 rats (D:1)
13 creatures vanquished.

Notes
Turn   | Place    | Note
-------+----------+-------------------------------------------
     0 | D:1      | Hook the Demonspawn Transmuter began the quest for the Orb.
     0 | D:1      | Reached XP level 1. HP: 15/15 MP: 3/3
   287 | D:1      | Gained mutation: Your flesh is cold resistant. (rC+) [demonic ancestry]
   287 | D:1      | Reached XP level 2. HP: 21/21 MP: 3/5
   446 | D:1      | HP: 1/21 [giant cockroach (2)]
   447 | D:1      | Slain by a giant cockroach

Vault maps used:
D:1:      lemuel_arrival_cross, minmay_circled_x

Skill      XL: |  1  2 |
---------------+-------+-----
Dodging        | 2 |  2.2
Transmutations | 2 |  2.0
Fighting       | |  1.5
Unarmed Combat | |  2.6
Spellcasting   | |  2.2

Action                   || total
-------------------------++-------
Melee: Unarmed           ||    26
       Kick              ||     4
       Dagger            ||    24
       Headbutt          ||     1
       Punch             ||     1
Throw: Javelin           ||     4
 Cast: Beastly Appendage ||     4
Armor: Robe              ||     9
Dodge: Dodged            ||    36
